 Dungeon Crawl Stone Soup version 0.30-a0-802-gb92711bcdf (webtiles) character file.

Game seed: 874874284331020008

28 retardedninja the Shield-Bearer (level 3, 0/35 HPs)
             Began as a Gnoll Fighter on Feb 23, 2023.
             Killed from afar by Sigmund (4 damage)
             ... with a magic dart
             ... on level 2 of the Dungeon.
             The game lasted 00:01:11 (919 turns).

retardedninja the Shield-Bearer (Gnoll Fighter)      Turns: 919, Time: 00:01:12

Health: 0/35       AC:  7    Str: 17    XL:     3   Next: 12%
Magic:  4/4        EV:  9    Int:  7    God:
Gold:   109        SH:  5    Dex: 11    Spells: 3/3 levels left

rFire   . . .      SeeInvis .    a - +0 war axe
rCold   . . .      Faith    .    c - +0 buckler
rNeg    . . .      Spirit   .    b - +0 scale mail
rPois   .          Reflect  .    (no helmet)
rElec   .          Harm     .    (no cloak)
rCorr   .          Rampage  .    (no gloves)
Will    .....                    (no boots) Stlth
                                 (no amulet)
HPRegen 0.25/turn                (no ring)
MPRegen 0.09/turn                (no ring)

@: no status effects
A: fangs 1, strong nose, distributed training
a: no special abilities


You were on level 2 of the Dungeon.
You visited 1 branch of the dungeon, and saw 2 of its levels.

You collected 109 gold pieces.

Inventory:

Hand Weapons
 a - a +0 war axe (weapon)
Missiles
 i - 5 javelins (quivered)
Armour
 b - a +0 scale mail (worn)
 c - a +0 buckler (worn)
Scrolls
 f - 2 scrolls of identify {unknown}
 g - a scroll of poison {unknown}
Potions
 d - a potion of might
 e - a potion of ambrosia {unknown}
 h - 2 potions of brilliance {unknown}
 j - a potion of attraction {unknown}
 k - a potion of heal wounds {unknown}


   Skills:
 + Level 6.5 Fighting
 + Level 0.7 Short Blades
 + Level 0.7 Long Blades
 + Level 4.5 Axes
 + Level 0.7 Maces & Flails
 + Level 0.7 Polearms
 + Level 0.7 Staves
 + Level 0.7 Ranged Weapons
 + Level 0.7 Throwing
 + Level 6.5 Armour
 + Level 0.7 Dodging
 + Level 0.7 Stealth
 + Level 6.5 Shields
 + Level 0.7 Unarmed Combat
 + Level 0.7 Spellcasting
 + Level 0.5 Conjurations
 + Level 0.5 Hexes
 + Level 0.5 Summonings
 + Level 0.5 Necromancy
 + Level 0.5 Translocations
 + Level 0.5 Transmutations
 + Level 0.5 Fire Magic
 + Level 0.5 Ice Magic
 + Level 0.5 Air Magic
 + Level 0.5 Earth Magic
 + Level 0.5 Poison Magic
 + Level 0.9 Invocations
 + Level 0.7 Evocations


You had 3 spell levels left.
You didn't know any spells.
Your spell library was empty.

Dungeon Overview and Level Annotations

Branches:
Dungeon (2/15)

Altars:

Shops:
D:2 :

Annotations:
D:2 Sigmund


Innate Abilities, Weirdness & Mutations

You have very sharp teeth.
Your uncanny sense of smell can sniff out nearby items.
Your experience applies equally to all skills.


Message History

The rat bites you but does no damage. The rat bites you.
You slash the rat!
You kill the rat!
No target in view!
Magic restored.
Sigmund the Dreaded comes into view.
He is wielding a +0 scythe, wearing a +1 robe of cold resistance and carrying a wand of flame (23).
Sigmund shouts!
Sigmund is nearby!
Sigmund hits you but does no damage.
Sigmund is nearby!
You barely miss Sigmund. Sigmund hits you with a +0 scythe.
Sigmund is nearby!
You closely miss Sigmund.
Sigmund gestures wildly while chanting.
Sigmund flickers and vanishes!
Deactivating autopickup; reactivate with Ctrl-A.
You slash something! Something hits you.
You closely miss something. Something hits you.
You slash something! You miss something. You block something's attack.
You barely miss something. Something hits you but does no damage.
You closely miss something. Something hits you.
You barely miss something.
You hear some strange, mumbled words.
A magic dart appears from out of thin air!
The magic dart hits you.
You miss something. Your bite misses something.
You hear some strange, mumbled words.
A puff of flame appears from out of thin air!
The puff of flame hits you.
* * * LOW HITPOINT WARNING * * *
You hear some strange, mumbled words.
A magic dart appears from out of thin air!
The magic dart hits you.
* * * LOW HITPOINT WARNING * * *
You closely miss something. You bite something.
You hear some strange, mumbled words.
A magic dart appears from out of thin air!
The magic dart hits you.
You die...

##...#### ###.
###..## #.
#...## #. #.###
#. #.# ##
####.#######
#.......#..
#..P....#{# ##
#.#.....#@#####
#.
#.#...........#
#. #
####..#........
## ##.#####....
..# ### #### #.
#.# #.# #.# #


There were no monsters in sight!

Vanquished Creatures
  A dart slug (D:1)
  A bat skeleton (D:2)
  An endoplasm (D:1)
  A giant cockroach (D:2)
  3 goblins (D:1)
  A hobgoblin (D:2)
  3 jackals (D:1)
  A quokka (D:1)
  2 ball pythons (D:1)
  A bat (D:1)
  2 frilled lizards (D:1)
  3 kobolds
  5 rats
25 creatures vanquished.

Vanquished Creatures (others)
  2 withered plants (D:2)
2 creatures vanquished.

Grand Total: 27 creatures vanquished

Notes
Turn   | Place    | Note
-------+----------+-------------------------------------------
     0 | D:1      | retardedninja the Gnoll Fighter began the quest for the
                  | Orb.
     0 | D:1      | Reached XP level 1. HP: 23/23 MP: 1/1
   320 | D:1      | Reached XP level 2. HP: 29/29 MP: 2/2
   588 | D:1      | Found a faded altar of an unknown god.
   742 | D:2      | Reached XP level 3. HP: 33/35 MP: 3/3
   782 | D:2      | Found Jusilac's Book Shop.
   907 | D:2      | Noticed Sigmund
   919 | D:2      | Killed from afar by Sigmund

Illustrated notes

Levels and vault maps discovered:
D:1:      amcnicky_arrival_single_pillar, layout_basic,
          shapermc_ecumenical_altar_notcrosses
D:2:      layout_loops_corners, serial_shops, nicolae_shop_hallway_stairs,
          serial_undead, serial_undead_f, serial_undead_c, serial_undead_f,
          serial_undead_f, serial_undead_b, minmay_tetromino_t4, uniq_sigmund,
          uniq_terence

Action                     || total
---------------------------++-------
  Melee: War axe           ||    76
         Bite              ||     5
  Throw: Javelin           ||     6
 Armour: Scale mail        ||    39
  Dodge: Dodged            ||    30
  Block: Buckler           ||    15

Table legend: (Time is in decaauts)
 A = Elapsed time spent in this place.
 B = Non-inter-level travel time spent in this place.
 C = Inter-level travel time spent in this place.
 D = Time resting spent in this place.
 E = Time spent auto-exploring this place.
 F = Levels seen in this place.
 G = Mean time per level.
                   A        B        C        D        E       F      G
               +--------+--------+--------+--------+--------+-----+--------+
         Total |    944 |    912 |     32 |      0 |    738 |   2 |  472.0 |
       Dungeon |    944 |    912 |     32 |      0 |    738 |   2 |  472.0 |
               +--------+--------+--------+--------+--------+-----+--------+

Top non-repeatable levels by time:
     D:1: 752 daAuts
     D:2: 192 daAuts
